AoeStats
← EMPEROR98265292

Nomad

510032661Analyzed
4v4 RM · 3d ago on Sep 29, 2026· 27m 22s· 8 players
Game mode
Random Map
Map size
231×231
Population
200
Speed
Normal
Resources
Standard
Victory
Conquest
Starting age
Dark Age
Ending age
Imperial Age
RankedLock teamsTeams togetherTeam positionsShared explorationLock speedFull tech treeHidden civsTurbo modeCheats
Victory
Defeat
🇮🇳 Danes · India
1514
+13
🇧🇷 Huns · Brazil
1511
+13
🇧🇷 Italians · Brazil
1506
+14
🇳🇿 Wei · New Zealand
1504
+14
🇺🇸 Lithuanians · United States
1588
-18
🇲🇽 Mongols · Mexico
1417
-12
🇺🇸 Mongols · United States
1409
-12
🇺🇸 Danes · United States
1404
-12
Perseu
3:35 Loom
14:31 Feudal Age
15:06 Double-Bit Axe
20:41 Castle Age
18:49 Fletching
22:28 Gold Mining
24:02 Fishing Lines
26:03 Bow Saw
ImprovingYeti
4:16 Loom
5:19 Loom
15:18 Feudal Age
18:51 Castle Age
17:25 Fishing Lines
18:01 Double-Bit Axe
19:43 Gillnets
20:04 Bow Saw
20:08 Scale Barding Armor
23:46 Imperial Age
22:51 Chain Barding Armor
24:02 Fletching
25:18 Forging
26:04 Wheelbarrow
EMPEROR98265292
3:21 Loom
12:53 Feudal Age
13:27 Town Watch
17:38 Fletching
逆·风
4:39 Loom
14:43 Feudal Age
15:14 Double-Bit Axe
15:10 Fishing Lines
15:17 Town Watch
16:36 Stone Mining
19:10 Castle Age
19:05 Fletching
20:04 Bow Saw
24:32 Gillnets
26:52 Padded Archer Armor
28:14 Wheelbarrow
Redwood MC9
8:18 Loom
13:15 Feudal Age
15:26 Fletching
23:49 Castle Age
24:43 Bodkin Arrow
peterzjx
6:24 Loom
14:35 Feudal Age
20:30 Forging
20:11 Fletching
23:51 Castle Age
25:30 Wheelbarrow
SecretAgent1942
8:09 Loom
13:53 Feudal Age
15:52 Double-Bit Axe
18:32 Castle Age
17:15 Stone Mining
19:25 Bow Saw
20:46 Horse Collar
24:03 Fletching
25:06 Bodkin Arrow
Benedict Cucumberpatch
13:57 Feudal Age
17:34 Castle Age
16:23 Horse Collar
18:11 Light Cavalry
23:59 Husbandry
24:12 Bloodlines
25:28 Loom
26:19 Wheelbarrow
26:55 Scale Barding Armor
Connection lost

Rejoining the realm…

Still unreachable

The connection could not be restored.

Session expired

The server has moved on; the page needs a fresh start.